 Dungeon Crawl Stone Soup version 0.23.1 (webtiles) character file.

Game seed: 10035741263857802624

653 Fang the Skirmisher (level 7, -1/44 HPs)
             Began as a Gargoyle Berserker on Mar 14, 2019.
             Was a Priest of Trog.
             Slain by a bullfrog (5 damage)
             ... on level 9 of the Dungeon.
             The game lasted 00:05:02 (4648 turns).

Fang the Skirmisher (Gargoyle Berserker)            Turns: 4648, Time: 00:05:03

Health: -1/44      AC: 12    Str: 22    XL:     7   Next: 54%
Magic:  7/7        EV: 11    Int:  8    God:    Trog [***...]
Gold:   196        SH:  0    Dex:  9    Spells: 6/6 levels left

rFire    . . .     SeeInvis .   y - +0 battleaxe
rCold    . . .     Gourm    .   (shield currently unavailable)
rNeg     + . .     Faith    .   n - +0 scale mail
rPois    ∞         Spirit   .   (no helmet)
rElec    +         Reflect  .   (no cloak)
rCorr    .         Harm     .   (no gloves)
MR       ++...                  (no boots)
Stlth    ..........             (no amulet)
HPRegen  1.14/turn              (no ring)
MPRegen  0.10/turn              (no ring)

@: berserk cooldown, regenerating
A: negative energy resistance 1, electricity resistance, unbreathing,
petrification resistance, rot immunity, AC +4
a: Berserk, Trog's Hand, Renounce Religion


You were on level 9 of the Dungeon.
You worshipped Trog.
Trog was most pleased with you.
You were not hungry.

You visited 1 branch of the dungeon, and saw 7 of its levels.

You collected 196 gold pieces.

Inventory:

Hand Weapons
 y - a +0 battleaxe (weapon)
Armour
 n - a +0 scale mail (worn)
Wands
 g - a wand of acid (14)
 p - a wand of flame (8)
Scrolls
 f - 10 scrolls of identify {unknown}
 h - 2 scrolls of blinking {unknown}
 i - 3 scrolls of fog {unknown}
 j - a scroll of amnesia {unknown}
 k - 6 scrolls of teleportation {unknown}
 l - a scroll of magic mapping {unknown}
 o - 2 scrolls of fear {unknown}
 r - a scroll of enchant armour {unknown}
 w - 2 scrolls of remove curse {unknown}
Potions
 b - a potion of berserk rage {unknown}
 d - a potion of curing
 e - 2 potions of heal wounds {unknown}
 m - 3 potions of haste {unknown}
 q - 2 potions of lignification {unknown}
 t - a potion of might {unknown}
 u - a potion of ambrosia {unknown}
 v - 2 potions of brilliance {unknown}
 x - a potion of flight {unknown}
Comestibles
 c - 5 rations


   Skills:
 + Level 5.4 Fighting
 + Level 4.5 Axes
 + Level 4.7 Armour
 + Level 3.6 Dodging


You had 6 spell levels left.
You didn't know any spells.
Your spell library was empty.

Dungeon Overview and Level Annotations

Branches:
Dungeon (9/15)               Lair (0/6) D:8
 Temple: D:4-7          Orc: D:9-12

Altars:
Dithmenos
Trog

Shops:
D:4 %


Innate Abilities, Weirdness & Mutations

You are resistant to torment.
Your stone body is resilient. (AC +4)
You are immune to poison.
You resist negative energy. (rN+)
You are resistant to electric shocks. (rElec)
You can survive without breathing.
You are immune to petrification.
You are immune to rotting.


Message History

The bullfrog swells and bulges.
The bullfrog hits you.
* * * LOW HITPOINT WARNING * * *
The bullfrog hits you but does no damage.
You feel better. The bullfrog hits you. x2
* * * LOW HITPOINT WARNING * * *
The bullfrog hits you but does no damage.
The bullfrog barely misses you.
Your skin crawls.
You feel resistant to hostile enchantments.
You feel somewhat more hungry. The bullfrog completely misses you.
The bullfrog hits you.
* * * LOW HITPOINT WARNING * * *
You closely miss the bullfrog. You barely miss the bullfrog.
The bullfrog closely misses you. x2; The bullfrog barely misses you.
The bullfrog hits you.
* * * LOW HITPOINT WARNING * * *
Your scale mail prevents you from hitting the bullfrog. x2
The bullfrog hits you.
You die...

### .>.
#.# #F#
#F# #@#
##FF..#
###.#


You could see 4 bullfrogs.

Vanquished Creatures
  A yak (D:8)
  An orc warrior (D:8)
  A centaur (D:3)
  A hound (D:4)
  An orc priest (D:4)
  Jessica (D:2)
  Terence (D:2)
  An iguana (D:4)
  A worker ant (D:5)
  5 adders
  2 oozes (D:1)
  6 worms
  3 dart slugs
  5 leopard geckos
  7 orcs
  9 bats
  2 giant cockroaches
  14 goblins
  5 hobgoblins
  14 jackals
  8 kobolds
  4 frilled lizards (D:1)
  10 rats
  2 fungi (D:8)
  A plant (D:8)
106 creatures vanquished.

Vanquished Creatures (others)
  3 fungi (D:8)
3 creatures vanquished.

Grand Total: 109 creatures vanquished

Notes
Turn   | Place    | Note
-------+----------+-------------------------------------------
     0 | D:1      | Fang the Gargoyle Berserker began the quest for the Orb.
     0 | D:1      | Reached XP level 1. HP: 14/14 MP: 1/1
   117 | D:1      | Reached XP level 2. HP: 11/19 MP: 2/2
   524 | D:1      | Reached XP level 3. HP: 22/23 MP: 3/3
   713 | D:1      | Reached ** piety under Trog
   931 | D:2      | Noticed Jessica
   944 | D:2      | Killed Jessica
   944 | D:2      | Reached XP level 4. HP: 27/29 MP: 4/4
  1053 | D:2      | Reached skill level 4 in Fighting
  1909 | D:2      | Noticed Terence
  1917 | D:2      | Killed Terence
  1917 | D:2      | Reached XP level 5. HP: 20/33 MP: 5/5
  2863 | D:3      | Reached *** piety under Trog
  2881 | D:3      | Noticed a centaur
  3106 | D:3      | Killed a centaur
  3106 | D:3      | Reached XP level 6. HP: 16/39 MP: 6/6
  3575 | D:3      | Found a shadowy altar of Dithmenos.
  3808 | D:4      | Found Gecountost's Food Shoppe.
  4313 | D:4      | Found a bloodstained altar of Trog.
  4581 | D:5      | Entered Level 5 of the Dungeon
  4592 | D:5      | Reached skill level 5 in Fighting
  4602 | D:5      | You fall through a shaft for 3 floors!
  4602 | D:8      | Found a staircase to the Lair.
  4602 | D:8      | Noticed a yak
  4603 | D:8      | Noticed an orc warrior
  4603 | D:8      | Noticed a porcupine
  4603 | D:8      | Noticed a porcupine
  4603 | D:8      | Noticed a yak
  4614 | D:8      | Killed a yak
  4614 | D:8      | Reached XP level 7. HP: 39/44 MP: 7/7
  4647 | D:9      | HP: 2/44 [bullfrog (5)]
  4648 | D:9      | Slain by a bullfrog

Skill      XL: |  1  2  3  4  5  6 |
---------------+-------------------+-----
Axes           | 3 4 |  4.5
Dodging        | 2 3 |  3.6
Armour         | 3 4 |  4.7
Fighting       | 4 5 |  5.4

Action                   |  1- 3 |  4- 6 |  7- 9 || total
-------------------------+-------+-------+-------++-------
Melee: Hand axe          |    82 |   323 |     3 ||   408
       Battleaxe         |       |       |     4 ||     4
Invok: Berserk           |       |     5 |       ||     5
       Trog's Hand       |       |     1 |     2 ||     3
  Use: Potion            |       |       |     3 ||     3
  Eat: Chunk             |       |    16 |     2 ||    18
Armor: Animal skin       |    38 |    24 |       ||    62
       Scale mail        |       |   134 |    42 ||   176
Dodge: Dodged            |    71 |   184 |    44 ||   299
